 Dungeon Crawl Stone Soup version 0.32-a0-360-gcd93b57ba1 (webtiles) character file.

Game seed: 5600779229572282495

1751 NimblePilferer the Nimble (level 8, 0/42 HPs)
             Began as a Spriggan Hexslinger on Feb 18, 2024.
             Was an Initiate of Gozag.
             Killed from afar by Dowan (23 damage)
             ... with a shard of ice
             ... on level 3 of the Dungeon.
             The game lasted 00:10:51 (6287 turns).

NimblePilferer the Nimble (Spriggan Hexslinger)     Turns: 6287, Time: 00:10:52

Health: 0/42       AC:  3    Str:  4    XL:     8   Next: 78%
Magic:  9/11       EV: 23    Int: 15    God:    Gozag
Gold:   535        SH:  0    Dex: 19    Spells: 7/9 levels left

rFire   . . .        w - +0 orcbow
rCold   . . .        (shield currently unavailable)
rNeg    . . .        c - +0 robe
rPois   .            (helmet restricted)
rElec   .            x - +0 cloak
rCorr   .            (gloves unavailable)
SInv    +            (boots unavailable)
Will    .....        (no amulet)
Stlth   ++           (no ring)
HPRegen 0.27/turn    (no ring)
MPRegen 0.12/turn

%: no passive effects
@: weak-willed, jinxed, very quick
A: very small, no large weapons, unfitting armour, see invisible, speed 3
a: Renounce Religion, Potion Petition, Call Merchant, Bribe Branch


You were on level 3 of the Dungeon.
You worshipped Gozag.
Gozag was pleased with you.
You visited 2 branches of the dungeon, and saw 8 of its levels.

You collected 602 gold pieces.
You paid 67 gold pieces to Gozag.

Inventory:

Hand Weapons
 a - a +1 sling
 w - a +0 orcbow (weapon)
Armour
 c - a +0 robe (worn)
 x - a +0 cloak (worn)
Wands
 i - a wand of iceblast (9)
 p - a wand of paralysis (11)
 s - a wand of polymorph (12)
 v - a wand of digging (1)
Scrolls
 b - 3 scrolls of poison
 f - 2 scrolls of noise
 g - 3 scrolls of enchant armour
 j - 2 scrolls of amnesia {unknown}
 l - a scroll of silence {unknown}
 m - 2 scrolls of enchant weapon
 n - a scroll of blinking {@r4}
 o - 2 scrolls of revelation {@r5}
 q - 2 scrolls of immolation {unknown}
 t - a scroll of fog {@r2}
 y - 2 scrolls of identify {@r1}
Potions
 d - a potion of brilliance {unknown}
 e - 2 potions of lignification {unknown}
 h - a potion of mutation {unknown}
 k - a potion of magic {unknown}
 r - 2 potions of heal wounds {unknown}
 u - a potion of curing {unknown}


   Skills:
 + Level 4.9 Fighting
 - Level 8.0 Ranged Weapons
 - Level 8.0 Dodging
 - Level 1.3 Spellcasting
 - Level 3.6 Hexes
 - Level 0.7 Fire Magic


You had 7 spell levels left.
You knew the following spells:

 Your Spells              Type           Power      Damage    Failure   Level
a - Jinxbite              Hex            22%        N/A       9%          2

Your spell library contained the following spells:

 Spells                   Type           Power      Damage    Failure   Level
 Confusing Touch          Hex            11%        N/A       16%         3
 Sigil of Binding         Hex            11%        N/A       16%         3
 Apportation              Tloc           2%         N/A       24%         1
 Kiss of Death            Conj/Necr      4%         2d5       24%         1
 Necrotise                Necr           4%         1d4       24%         1
 Sting                    Conj/Alch      4%         1d3       24%         1
 Summon Small Mammal      Summ           4%         N/A       24%         1
 Inner Flame              Hex/Fire       7%         N/A       28%         3
 Call Imp                 Summ           2%         N/A       34%         2
 Static Discharge         Conj/Air       2%         3-4/arc   34%         2
 Sublimation of Blood     Necr           1%         N/A       34%         2
 Cause Fear               Hex            5%         N/A       47%         4
 Vampiric Draining        Necr           1%         2d6       56%         3
 Dimensional Bullseye     Hex/Tloc       3%         N/A       75%         4
 Airstrike                Air            0%         2d(1-17)  93%         4
 Dispel Undead            Necr           1%         3d6       93%         4
 Martyr's Knell           Necr/Summ      1%         N/A       93%         4
 Summon Lightning Spire   Summ/Air       1%         N/A       93%         4
 Curse of Agony           Necr           1%         N/A       100%        5
 Summon Hydra             Summ           0%         N/A       100%        7


Dungeon Overview and Level Annotations

Branches:
Dungeon (7/15)             Temple (1/1) D:5

Altars:
Ashenzari
Cheibriados
Dithmenos
Elyvilon
Fedhas
Gozag
Hepliaklqana
Kikubaaqudgha
Makhleb
Nemelex Xobeh
Okawaru
Qazlal
Ru
Sif Muna
Trog
Uskayaw
Vehumet
Wu Jian
Xom
Yredelemnul
Zin
The Shining One

Shops:
D:3 *

Annotations:
D:3 Dowan
D:7 1 runed translucent door, Flippered's ghost, novice TrCK; Joseph


Innate Abilities, Weirdness & Mutations

You are very small and have problems with some larger weapons.
You are too small for most types of armour.
You have supernaturally acute eyesight. (SInv)
You cover ground extremely quickly. (Speed+++)


Message History

Training target 8.0 for Ranged Weapons reached!
Your Ranged Weapons skill increases to level 8!
You shoot an arrow.
Dowan shouts!
The arrow hits Dowan.
Dowan is no longer distracted by gold.
Dowan is lightly wounded.
A giggling sprite leaps out and insults Dowan's ancestors.
Dowan is lightly wounded.
The jinxing sprites lose interest in you.
Dowan gestures at you while chanting. The stone arrow misses you.
Dowan casts a spell at you. The stone arrow misses you.
You shoot an arrow. The arrow completely misses Dowan.
Dowan casts a spell.
Dowan blinks!
You shoot an arrow. The arrow hits Dowan.
Dowan is moderately wounded.
You shoot an arrow. The arrow hits Dowan.
Dowan is heavily wounded.
Dowan seems less drained.
You shoot an arrow.
The arrow hits Dowan but does no damage.
Dowan is heavily wounded.
Dowan completely misses you.
You shoot an arrow. The arrow barely misses Dowan.
Dowan misses you.
You shoot an arrow. The arrow barely misses Dowan.
Dowan casts a spell at you. The stone arrow hits you!
Dowan hits you with a +0 dagger.
You are too injured to fight recklessly!
You are too injured to fight recklessly!
Casting: Jinxbite (safe; 9% risk of failure)
Confirm with . or Enter, or press ? or * to list all spells.
You beckon some vexing sprites to accompany your attacks.
You feel your willpower being sapped. Dowan closely misses you.
Dowan gestures at you while chanting. The shard of ice hits you!!
Ouch! That really hurt!
You die...
Your body crumbles into a pile of gold.

..........#####....##### #..
####......#####.##.....# #..
#......##....###.##.## #..
#.........#### #.##..# ###..
#......#.#### #...#.#####...#
#......#....# ###.........#..
#......####.# ####.....###.#
####......# #.#####....##....e.รท
..########## #..@....######......
..##.......######e.### #.<.##.
..##...........(...########......
..##.......######............####
...).......# ##......##...#####
...#.......# #...###....#......
..########## ##..## #....######.
..# ##...####e##........ ..#
####...###...##########


You could see Dowan (fast).

Vanquished Creatures
  Menkaure (D:7)
  Edmund (D:4)
  Duvessa (D:3)
  An orc warrior (D:7)
  2 ice beasts
  A black bear (D:6)
  An ogre (D:3)
  A phantom (D:6)
  A gnoll sergeant (D:6)
  A howler monkey (D:6)
  Crazy Yiuf (D:5)
  3 bombardier beetles
  2 hounds
  3 orc priests
  Jessica (D:2)
  An iguana (D:5)
  A sleepcap (D:4)
  Ijyb (D:4)
  Terence (D:2)
  2 orc wizards (D:7)
  3 gnolls (D:6)
  12 adders
  2 shadow imps
  A white imp (D:6)
  2 dart slugs
  A ribbon worm (D:2)
  17 orcs
  7 bats
  5 endoplasms
  7 goblins
  7 hobgoblins
  4 jackals
  5 kobolds
  A quokka (D:2)
  7 ball pythons
  3 frilled lizards
  2 rats
113 creatures vanquished.

Notes
Turn   | Place    | Note
-------+----------+-------------------------------------------
     0 | D:1      | NimblePilferer the Spriggan Hexslinger began the quest for
                  | the Orb.
     0 | D:1      | Reached XP level 1. HP: 9/9 MP: 3/3
   307 | D:1      | Reached XP level 2. HP: 14/14 MP: 5/5
   530 | D:1      | Learned a level 2 spell: Jinxbite
   563 | D:2      | Reached XP level 3. HP: 17/17 MP: 3/6
   785 | D:2      | Noticed Terence
   815 | D:2      | Killed Terence
   816 | D:2      | Reached XP level 4. HP: 21/21 MP: 4/7
   858 | D:2      | Noticed Jessica
   873 | D:2      | Killed Jessica
  1076 | D:2      | Reached XP level 5. HP: 22/25 MP: 8/8
  1203 | D:3      | Noticed an ogre
  1203 | D:3      | Found Ythos's General Store.
  1722 | D:3      | Reached skill level 5 in Dodging
  1776 | D:3      | Killed an ogre
  1777 | D:3      | Reached skill level 5 in Ranged Weapons
  1777 | D:3      | Reached XP level 6. HP: 29/29 MP: 6/9
  1989 | D:4      | Noticed Dowan
  1990 | D:4      | Noticed Duvessa
  2013 | D:4      | Noticed Edmund
  2085 | D:4      | Noticed Ijyb
  2097 | D:4      | Paralysed by Ijyb for 2 turns
  2115 | D:4      | Killed Ijyb
  2337 | D:4      | Found a glowing silver altar of Zin.
  2402 | D:4      | You fall into a shaft and drop 1 floor!
  2402 | D:5      | Entered Level 5 of the Dungeon
  2453 | D:5      | Found a staircase to the Ecumenical Temple.
  2466 | Temple   | Entered the Ecumenical Temple
  2490 | Temple   | Became a worshipper of Gozag Ym Sagoz the Greedy
  2591 | D:5      | Found a runed translucent door.
  2592 | D:5      | Noticed Crazy Yiuf
  2666 | D:5      | Noticed an ice beast
  2677 | D:5      | Killed an ice beast
  2678 | D:5      | Reached XP level 7. HP: 32/32 MP: 8/10
  2739 | D:5      | Reached skill level 1 in Fighting
  3531 | D:5      | Killed Crazy Yiuf
  3982 | D:6      | Reached XP level 8. HP: 25/40 MP: 7/11
  5498 | D:7      | Noticed Menkaure
  5504 | D:7      | Killed Menkaure
  5587 | D:7      | Found a runed translucent door.
  5587 | D:7      | Noticed Flippered's ghost (novice TrCK)
  5607 | D:7      | Noticed Joseph
  5847 | D:4      | Killed Edmund
  6279 | D:3      | Killed Duvessa
  6287 | D:3      | Killed from afar by Dowan

Illustrated notes

Levels and vault maps discovered:
D:1:      lightli_arrival_chessboard, layout_rooms
D:2:      layout_rooms, minmay_tromino_i4, uniq_jessica, uniq_terence
D:3:      layout_rooms, serial_shops, shop_fountains, kennysheep_generic_room_5
D:4:      layout_rooms, mainiacjoe_overflow_boulevard, uniq_edmund,
          uniq_duvessa, uniq_ijyb
D:5:      layout_cave_pools, minmay_temple_entry_gardened_gates,
          minmay_misc_feat_doors, nicolae_half_adder, uniq_crazy_yiuf_cottage
D:6:      layout_cave_pods
D:7:      layout_loops_corners, hellmonk_ghost_happy_afterlife, nrook_campfire,
          nicolae_underground_beach, uniq_joseph, uniq_menkaure
Temple:   roderic_octagonal_lattice_temple

Skill      XL: |  1  2  3  4  5  6  7  8 |
---------------+-------------------------+-----
Dodging        | 3 4 6 8 |  8.0
Ranged Weapons | 3 4 5 6 8 |  8.0
Fighting       | 3 4 |  4.9
Spellcasting   | |  1.3
Hexes          | |  3.6
Fire Magic     | |  0.7

Action                     |  1- 3 |  4- 6 |  7- 9 || total
---------------------------+-------+-------+-------++-------
   Fire: Sling             |    74 |   185 |   194 ||   453
         Orcbow            |       |       |    70 ||    70
   Cast: Jinxbite          |     2 |    11 |    25 ||    38
  Evoke: Wand              |       |       |     2 ||     2
    Use: Scroll            |       |       |     6 ||     6
 Armour: Robe              |    17 |    18 |    40 ||    75
  Dodge: Dodged            |    36 |    77 |   124 ||   237

Table legend: (Time is in decaauts)
 A = Elapsed time spent in this place.
 B = Non-inter-level travel time spent in this place.
 C = Inter-level travel time spent in this place.
 D = Time resting spent in this place.
 E = Time spent auto-exploring this place.
 F = Levels seen in this place.
 G = Mean time per level.
                   A        B        C        D        E       F      G
               +--------+--------+--------+--------+--------+-----+--------+
         Total |   4591 |   4126 |    465 |    306 |   2784 |   8 |  573.9 |
       Dungeon |   4561 |   4125 |    436 |    306 |   2784 |   7 |  651.6 |
        Temple |     30 |      1 |     29 |      0 |      0 |   1 |   30.0 |
               +--------+--------+--------+--------+--------+-----+--------+

Top non-repeatable levels by time:
     D:6: 996 daAuts
     D:5: 903 daAuts
     D:3: 678 daAuts
     D:2: 560 daAuts
     D:7: 540 daAuts
     D:4: 507 daAuts
     D:1: 374 daAuts
  Temple: 30 daAuts
